 Dungeon Crawl Stone Soup version 0.21.1-1-g345015fe64 (webtiles) character file.

14 Kohma the Grave Robber (level 2, 0/15 HPs)
             Began as a Deep Elf Necromancer on June 14, 2018.
             Slain by a hobgoblin (3 damage)
             ... on level 1 of the Dungeon.
             The game lasted 00:02:54 (855 turns).

Kohma the Grave Robber (Deep Elf Necromancer)        Turns: 855, Time: 00:02:55

Health: 0/15       AC:  3    Str:  5    XL:     2   Next: 31%
Magic:  5/8        EV: 12    Int: 19    God:
Gold:   57         SH:  0    Dex: 15    Spells: 5/7 levels left

rFire    . . .     SeeInvis .   h - +0 short sword
rCold    . . .     Gourm    .   (no shield)
rNeg     . . .     Faith    .   d - +0 leather armour
rPois    .         Spirit   .   (no helmet)
rElec    .         Reflect  .   (no cloak)
rCorr    .         Harm     .   (no gloves)
MR       .....                  (no boots)
Stlth    ++........             (no amulet)
HPRegen  0.05/turn              (no ring)
MPRegen  0.11/turn              (no ring)

@: no status effects
A: no striking features
a: no special abilities


You were on level 1 of the Dungeon.
You were not hungry.

You visited 1 branch of the dungeon, and saw 1 of its levels.

You collected 57 gold pieces.

Inventory:

Hand Weapons
 h - a +0 short sword (weapon)
Missiles
 f - 19 poisoned needles
 g - 16 sling bullets
Armour
 a - a +0 robe
 d - a +0 leather armour (worn)
 k - a +0 leather armour
Scrolls
 e - a scroll of identify {unknown}
Potions
 i - a potion of cancellation {unknown}
 j - a potion of berserk rage {unknown}
Books
 b - a book of Necromancy

   Spells                             Type                      Level
   a - Pain                           Necromancy                   1
   b - Animate Skeleton               Necromancy                   1
   c - Vampiric Draining              Necromancy                   3
   d - Regeneration                   Charms/Necromancy            3
   e - Animate Dead                   Necromancy                   4
   f - Borgnjor's Vile Clutch         Necromancy/Earth             5
Comestibles
 c - 2 rations
 l - a chunk of flesh


   Skills:
 + Level 0.5 Armour
 - Level 2.4 Dodging
 - Level 2.4 Stealth
 + Level 3.3 Spellcasting
 * Level 5.2 Necromancy


You had 5 spell levels left.
You knew the following spells:

 Your Spells              Type           Power        Failure   Level  Hunger
a - Pain                  Necr           ###.         2%          1    None
b - Animate Skeleton      Necr           N/A          2%          1    None


Dungeon Overview and Level Annotations

Branches:
Dungeon (1/15)

Altars:


Message History

Press: ? - help, Shift-Dir - straight line, f - kobold
Aim: a kobold (severely wounded, chance to defeat MR: 92%)
The kobold writhes in agony!
You kill the kobold!
The kobold throws a stone.
The stone barely misses you.
Casting: Pain
Confirm with . or Enter, or press ? or * to list all spells.
Aiming: Pain
Press: ? - help, Shift-Dir - straight line, f - hobgoblin
Aim: a hobgoblin (chance to defeat MR: 92%)
The hobgoblin writhes in agony!
The hobgoblin barely misses you.
A bat comes into view.
Casting: Pain
Confirm with . or Enter, or press ? or * to list all spells.
Aiming: Pain
Press: ? - help, Shift-Dir - straight line, f/p - hobgoblin
Aim: a hobgoblin (moderately wounded, chance to defeat MR: 92%)
The hobgoblin writhes in agony!
The bat moves out of view.
The hobgoblin hits you.
You die...

....... ....... ....... ......#
###....... ##.....$... #######
#..sK.....####.....(
#.#g#######.........
#.#@Z....#......⌠...
.#.(.....##...⌠......
.....#.....#.........≈.
............#...⌠.......
............#<.....≈....
............#...⌠.......
#....>.............#.........≈.
#.........#........##...⌠......
#.........#.........#......⌠...


You could see a giant cockroach, a hobgoblin, a kobold and a friendly rat
skeleton.

Vanquished Creatures
  A leopard gecko (D:1)
  2 goblins (D:1)
  3 hobgoblins (D:1)
  A kobold (D:1)
  2 frilled lizards (D:1)
  2 rats (D:1)
11 creatures vanquished.

Vanquished Creatures (collateral kills)
  A kobold (D:1)
  A rat (D:1)
2 creatures vanquished.

Grand Total: 13 creatures vanquished

Notes
Turn   | Place    | Note
-------+----------+-------------------------------------------
     0 | D:1      | Kohma the Deep Elf Necromancer began the quest for the Orb.
     0 | D:1      | Reached XP level 1. HP: 10/10 MP: 6/6
     2 | D:1      | Learned a level 1 spell: Animate Skeleton
   119 | D:1      | Reached skill level 5 in Necromancy
   493 | D:1      | Reached XP level 2. HP: 4/15 MP: 5/8
   855 | D:1      | Slain by a hobgoblin

Skill      XL: |  1 |
---------------+----+-----
Necromancy     | 5 |  5.2
Armour         | |  0.5
Dodging        | |  2.4
Stealth        | |  2.4
Spellcasting   | |  3.3

Action                   || total
-------------------------++-------
Melee: Short sword       ||    15
       Unarmed           ||     1
 Cast: Pain              ||    15
       Animate Skeleton  ||     5
 Stab: Sleeping          ||     1
Armor: Leather armour    ||     1
Dodge: Dodged            ||    16
